 Dungeon Crawl Stone Soup version 0.29-a0-380-gf50f0a9fbc (webtiles) character file.

Game seed: 332507722526554434

84 Antichthon the Skirmisher (level 4, -5/35 HPs)
             Began as a Formicid Abyssal Knight on May 5, 2022.
             Was a Believer of Lugonu.
             Slain by a river rat (6 damage)
             ... on level 3 of the Dungeon.
             The game lasted 00:02:43 (2040 turns).

Antichthon the Skirmisher (Formicid Abyssal Knight) Turns: 2040, Time: 00:02:44

Health: -5/35      AC:  4    Str: 18    XL:     4   Next: 72%
Magic:  5/5        EV: 11    Int:  9    God:    Lugonu [**....]
Gold:   164        SH:  0    Dex: 19    Spells: 3/3 levels left

rFire   . . .      SeeInvis +   a - +1 mace
rCold   . . .      Faith    .   (no shield)
rNeg    . . .      Spirit   .   b - +1 leather armour
rPois   .          Reflect  .   (helmet unavailable)
rElec   .          Harm     .   (no cloak)
rCorr   .          Rampage  .   (no gloves)
Will    .....                   (no boots)
Stlth   ++........              (no amulet)
HPRegen 0.11/turn               m - +6 ring of dexterity
MPRegen 0.09/turn               (no ring)

@: no status effects
A: permanent stasis, dig shafts and tunnels, antennae 3, four strong arms
a: Dig, Shaft Self, Renounce Religion, Depart the Abyss, Bend Space


You were on level 3 of the Dungeon.
You worshipped Lugonu.
Lugonu was pleased with you.
You visited 1 branch of the dungeon, and saw 3 of its levels.
You visited the Abyss 1 time.

You collected 164 gold pieces.

Inventory:

Hand Weapons
 a - a +1 mace (weapon)
Armour
 b - a +1 leather armour (worn)
Jewellery
 m - a +6 ring of dexterity (left hand)
Scrolls
 g - a scroll of amnesia
Potions
 e - a potion of flight
 f - a potion of lignification {unknown}
 h - a potion of curing
 i - a potion of degeneration {unknown}
 n - a potion of mutation {unknown}


   Skills:
 * Level 3.5 Fighting
 - Level 2.0 Maces & Flails
 * Level 3.4 Crossbows
 * Level 2.2 Armour
 * Level 0.9 Dodging
 * Level 0.3 Stealth
 * Level 0.5 Shields
 * Level 2.3 Invocations
 * Level 0.2 Evocations


You had 3 spell levels left.
You didn't know any spells.
Your spell library contained the following spells:

 Spells                   Type           Power      Damage    Failure   Level
 Magic Dart               Conj           0%         1d3       43%         1
 Call Imp                 Summ           0%         N/A       58%         2
 Lesser Beckoning         Tloc           0%         N/A       82%         3
 Mephitic Cloud           Conj/Pois/Air  0%         N/A       82%         3
 Manifold Assault         Tloc           0%         N/A       100%        5
 Blink                    Tloc           Unusable   N/A       N/A         2

Dungeon Overview and Level Annotations

Branches:
Dungeon (3/15)

Altars:

Portals:
Sewer: D:3


Innate Abilities, Weirdness & Mutations

You cannot be hasted, slowed, berserked, paralysed or teleported.
You can dig through walls and to a lower floor.
You have a pair of large antennae on your head. (SInv)
Your four strong arms can wield two-handed weapons with a shield.


Message History

The river rat misses you.
Unknown command.
You feel better. The river rat misses you.
You hit the river rat but do no damage.
The river rat is moderately wounded.
The river rat bites you.
* * * LOW HITPOINT WARNING * * *
You sock the river rat!
The river rat is almost dead.
The river rat completely misses you.
The river rat bites you but does no damage.
You hit the river rat but do no damage.
The river rat is almost dead.
The river rat closely misses you.
You barely miss the river rat.
The river rat is almost dead.
The river rat barely misses you.
You hit the river rat.
You kill the river rat!
Lugonu accepts your kill.
You barely miss the river rat. The river rat bites you.
* * * LOW HITPOINT WARNING * * *
The river rat barely misses you.
Unknown command.
You feel better. The river rat bites you.
You barely miss the river rat. The river rat closely misses you.
You barely miss the river rat.
The river rat twitches its whiskers.
The river rat closely misses you.
You closely miss the river rat. The river rat bites you!
* * * LOW HITPOINT WARNING * * *
The river rat bites you but does no damage.
You hit the river rat.
The river rat is moderately wounded.
The river rat bites you.
* * * LOW HITPOINT WARNING * * *
You hit the river rat but do no damage.
The river rat is moderately wounded.
The river rat bites you.
You die...

### ..# #### #.#
#..#≈≈≈≈#.##
#..#≈≈≈≈#..####.#
###..#≈≈∩≈'.......#
....#≈≈≈≈#w# #
#..#≈≈≈≈#r# #.
#..######@#### #.
#............#
#.##.#.##.#.....#
#.........#.....#
#......#.##...###
###....#)##...#
##.##.#.#....# {
#.......#)##.+
#.###.#.#.# ##


You could see a worm and a river rat.

Vanquished Creatures
  2 adders
  2 river rats (D:3)
  A worm (D:2)
  3 dart slugs
  A bat (D:1)
  5 endoplasms
  4 goblins
  2 hobgoblins (D:1)
  3 jackals (D:2)
  4 quokkas
  A ball python (D:2)
  3 frilled lizards
  6 kobolds
  A rat (D:1)
38 creatures vanquished.

Vanquished Creatures (others)
  A plant (D:1)
1 creature vanquished.

Grand Total: 39 creatures vanquished

Notes
Turn   | Place    | Note
-------+----------+-------------------------------------------
     0 | Abyss:1  | Antichthon the Formicid Abyssal Knight began the quest for
                  | the Orb.
     0 | Abyss:1  | Reached XP level 1. HP: 18/18 MP: 2/2
     8 | Abyss:1  | Found a basalt altar of Yredelemnul.
    37 | Abyss:1  | Noticed a chaos spawn
    38 | D:1      | Escaped the Abyss
    74 | D:1      | Found a faded altar of an unknown god.
   122 | D:1      | Reached skill level 1 in Crossbows
   156 | D:1      | Reached ** piety under Lugonu
   160 | D:1      | Reached XP level 2. HP: 21/24 MP: 3/3
   488 | D:1      | Reached XP level 3. HP: 15/29 MP: 4/4
  1783 | D:2      | Reached XP level 4. HP: 34/35 MP: 5/5
  2004 | D:3      | Found a glowing drain.
  2039 | D:3      | HP: 1/35 [river rat (5)]
  2040 | D:3      | Slain by a river rat

Illustrated notes

Levels and vault maps discovered:
D:1:      psy_arrival_radial02, layout_loops_ring,
          shapermc_ecumenical_altar_mp_ritualfount, minmay_vboxes
D:2:      layout_rooms
D:3:      layout_loops_cross, grunt_gozag_statues, portal_sewer_entry_c,
          chequers_serial_rivers_large_a, minmay_misc_feat_tower,
          kennysheep_generic_room_13

Skill      XL: |  1  2  3 |
---------------+----------+-----
Crossbows      | 1 2 3 |  3.4
Fighting       | |  3.5
Maces & Flails | |  2.0
Armour         | |  2.2
Dodging        | |  0.9
Stealth        | |  0.3
Shields        | |  0.5
Invocations    | |  2.3
Evocations     | |  0.2

Action                   |  1- 3 |  4- 6 || total
-------------------------+-------+-------++-------
Melee: Mace              |    75 |    44 ||   119
       Punch             |     2 |       ||     2
Invok: Depart the Abyss  |     1 |       ||     1
  Use: Scroll            |       |     7 ||     7
       Potion            |       |     2 ||     2
Armor: Leather armour    |    22 |    10 ||    32
Dodge: Dodged            |    49 |    32 ||    81

Table legend: (Time is in decaauts)
 A = Elapsed time spent in this place.
 B = Non-inter-level travel time spent in this place.
 C = Inter-level travel time spent in this place.
 D = Time resting spent in this place.
 E = Time spent auto-exploring this place.
 F = Levels seen in this place.
 G = Mean time per level.
                   A        B        C        D        E       F      G
               +--------+--------+--------+--------+--------+-----+--------+
         Total |   2079 |   2024 |     55 |      0 |   1626 |   4 |  519.8 |
       Dungeon |   2041 |   1986 |     55 |      0 |   1591 |   3 |  680.3 |
         Abyss |     38 |     38 |      0 |      0 |     35 |   1 |   38.0 |
               +--------+--------+--------+--------+--------+-----+--------+

Top non-repeatable levels by time:
     D:1: 1042 daAuts
     D:2: 901 daAuts
     D:3: 97 daAuts
 Abyss:1: 38 daAuts
